 Dungeon Crawl Stone Soup version 0.21.0-24-g2553a33 (webtiles) character file.

114 Monsterracer the Slasher (level 4, 0/35 HPs)
             Began as a Vampire Abyssal Knight on Jan 20, 2018.
             Was a Priest of Lugonu.
             Killed from afar by an orc wizard (5 damage)
             ... with a puff of flame
             ... on level 2 of the Dungeon.
             The game lasted 00:03:32 (2136 turns).

Monsterracer the Slasher (Vampire Abyssal Knight)   Turns: 2136, Time: 00:03:34

Health: 0/35       AC:  6    Str: 11    XL:     4   Next: 67%
Magic:  14/14      EV: 11    Int: 14    God:    Lugonu [***...]
Gold:   128        SH:  0    Dex: 14    Spells: 3/3 levels left

rFire    . . .     SeeInvis +   a - +1 falchion
rCold    . . .     Gourm    .   (no shield)
rNeg     . . .     Faith    .   e - +0 ring mail
rPois    .         Spirit   .   (no helmet)
rElec    .         Reflect  .   (no cloak)
rCorr    .         Harm     .   (no gloves)
MR       .....                  n - +0 pair of boots
Stlth    +.........             c - amulet of regeneration
HPRegen  0.71/turn              s - ring of magical power (curse)
MPRegen  0.14/turn              (no ring)

@: regenerating quickly
A: fangs 3, see invisible, unbreathing
a: Depart the Abyss, Bend Space, Banish, Renounce Religion


You were on level 2 of the Dungeon.
You worshipped Lugonu.
Lugonu was most pleased with you.
You were full.

You visited 1 branch of the dungeon, and saw 3 of its levels.
You visited the Abyss 1 time.

You collected 128 gold pieces.

Inventory:

Hand Weapons
 a - a +1 falchion (weapon)
 b - a +2 dagger of draining
Armour
 e - a +0 ring mail (worn)
 n - a +0 pair of boots (worn)
Jewellery
 c - an amulet of regeneration (around neck)
 s - a cursed ring of magical power (left hand)
Scrolls
 f - 3 scrolls of remove curse
 j - a scroll of identify {unknown}
 k - a scroll of enchant armour {unknown}
 l - a scroll of magic mapping {unknown}
 m - a scroll of fog {unknown}
 q - 4 scrolls of teleportation
 t - a scroll of enchant weapon {unknown}
Potions
 d - 17 potions of blood
 g - a potion of agility {unknown}
 h - a potion of lignification {unknown}
 i - a potion of brilliance {unknown}
 o - a potion of magic {unknown}
 p - 2 potions of berserk rage {unknown}
 r - a potion of heal wounds {unknown}
 u - a potion of ambrosia {unknown}


   Skills:
 + Level 3.1 Fighting
 * Level 4.4 Long Blades
 - Level 0.7 Armour
 + Level 2.7 Dodging
 - Level 1.5 Invocations


You had 3 spell levels left.
You didn't know any spells.

Dungeon Overview and Level Annotations

Branches:
Dungeon (3/15)

Altars:


Innate Abilities, Weirdness & Mutations

Your natural rate of healing is unusually fast.
You have razor-sharp teeth.
You have supernaturally acute eyesight. (SInv)
You can survive without breathing.


Message History

You hit the bat.
You kill the bat!
Lugonu accepts your kill.
You can now banish your foes.
Health restored: 35 No target in view!
No target in view!
You bottle the corpse's blood.
d - 17 potions of blood (gained 1)
Things that are here:
a dagger; 2 stones
Things that are here:
a dagger; 2 stones
Found a stone staircase leading down.
No target in view!
You now have 128 gold pieces (gained 9).
Found a dagger.
No target in view!
A giant cockroach comes into view.
The giant cockroach bites you but does no damage.
You hit the giant cockroach but do no damage.
The giant cockroach bites you. The giant cockroach barely misses you.
You take 2 damage, and have 33/35 hp.
A giant cockroach is nearby!
You hit the giant cockroach.
The giant cockroach is moderately wounded.
The giant cockroach bites you but does no damage.
A giant cockroach is nearby!
You hit the giant cockroach.
You kill the giant cockroach!
Lugonu accepts your kill.
Health restored: 35 You see here a giant cockroach corpse.
Found a stone staircase leading up.
No target in view!
No target in view!
You see here a giant cockroach corpse.
An orc wizard comes into view. It is wielding a dagger.
The orc wizard shouts!
You hear a shout!
The orc wizard moves out of view.
An orc comes into view. It is wielding a dagger.
There are monsters nearby!
A rat, an orc and an orc priest come into view.
The orc is wielding a dagger of venom.
The orc priest shouts!
The orc shouts!
The orc priest calls down the wrath of Beogh upon you.
Beogh smites you! The orc wizard hits you with a dagger.
You take 15 damage, and have 20/35 hp.
MASSIVE DAMAGE!!
You are too injured to fight recklessly!
You are too injured to fight recklessly!
You are too injured to fight recklessly!
The orc priest invokes the aid of Beogh against you.
Beogh smites you!
* * * LOW HITPOINT WARNING * * *
The orc wizard gestures wildly while chanting.
The orc wizard seems to speed up.
You take 8 damage, and have 12/35 hp.
MASSIVE DAMAGE!!
The orc wizard hits you but does no damage.
The orc wizard hits you with a dagger.
* * * LOW HITPOINT WARNING * * *
The orc wizard hits you but does no damage.
The orc wizard hits you but does no damage.
The orc wizard points at you and mumbles some strange words.
The puff of frost hits you!
* * * LOW HITPOINT WARNING * * *
You take 11 damage, and have 8/35 hp.
MASSIVE DAMAGE!!
The orc wizard gestures at you while chanting.
The puff of flame hits you!
* * * LOW HITPOINT WARNING * * *
You take 7 damage, and have 1/35 hp.
The orc wizard barely misses you.
The orc wizard gestures at you while chanting.
The magic dart hits you!
* * * LOW HITPOINT WARNING * * *
There is a stone staircase leading up here.
Okay, then.
The orc wizard hits you with a dagger.
* * * LOW HITPOINT WARNING * * *
The orc wizard points at you and mumbles some strange words.
The puff of flame misses you.
You climb upwards.
There is a stone staircase leading down here.
Okay, then.
You hit the orc wizard.
The orc wizard is heavily wounded.
The orc wizard hits you but does no damage.
You hit the orc wizard. You bite the orc wizard.
The orc wizard is severely wounded.
The orc wizard mumbles some strange words.
The orc wizard flickers and vanishes for a moment.
The orc wizard hits you but does no damage.
You miss the orc wizard.
The orc wizard is severely wounded.
The orc wizard begins to cast a cantrip, but forgets the words!
You barely miss the orc wizard.
You bite the orc wizard, but do no damage.
The orc wizard is severely wounded.
The orc wizard misses you.
The orc wizard gestures at you while chanting.
The puff of flame hits you!
You die...

### ###########.##########.
#####.## #............# #.
##......###.#########..#########.
#..(..........### #)...........
................# #.##########.
..............#.# #.# #.
..............#.### #.# #.
.......##......#..###.# #.
.#...#.########.@o.##.# ##
.##).#.# #...##.#.# .##..#.##
#...##...# ....%...# #...##.###
..#..#..# ###.)..# ..#..#..#
####.# ..#..#..# #.# ..#..#..#
#.# #.......# #.# #######


You could see an orc wizard (invisible).

Vanquished Creatures
  An orc priest (D:3)
  An adder (D:2)
  A dart slug (D:1)
  2 leopard geckos (D:2)
  2 orcs (D:3)
  15 bats
  6 giant cockroaches
  10 goblins
  10 hobgoblins
  2 jackals (D:1)
  8 kobolds
  A quokka (D:2)
  2 ball pythons
  A frilled lizard (D:2)
  2 rats
64 creatures vanquished.

Notes
Turn   | Place    | Note
-------+----------+-------------------------------------------
     0 | Abyss:1  | Monsterracer the Vampire Abyssal Knight began the quest for the Orb.
     0 | Abyss:1  | Reached XP level 1. HP: 17/17 MP: 2/2
     5 | D:1      | Escaped the Abyss
    58 | D:1      | HP: 8/17 [hobgoblin (2)]
    65 | D:1      | Reached XP level 2. HP: 7/23 MP: 3/3
   101 | D:1      | HP: 8/23 [hobgoblin/club (2)]
   223 | D:1      | Reached skill level 3 in Long Blades
   591 | D:1      | Reached ** piety under Lugonu
   597 | D:1      | HP: 11/23 [hobgoblin/club (3)]
   601 | D:1      | Reached XP level 3. HP: 14/28 MP: 4/4
  1466 | D:2      | Reached skill level 4 in Long Blades
  1519 | D:2      | Reached XP level 4. HP: 34/34 MP: 5/5
  1689 | D:3      | HP: 17/34 [orc priest/nerve-wracking pain (13)]
  1694 | D:3      | HP: 7/34 [orc priest/nerve-wracking pain (6)]
  1710 | D:3      | HP: 8/35 [orc (5)]
  1980 | D:3      | Reached *** piety under Lugonu
  2112 | D:3      | HP: 12/35 [orc priest/divine providence (9)]
  2117 | D:3      | HP: 15/35 [orc wizard/dagger (1)]
  2124 | D:3      | HP: 8/35 [orc wizard/puff of frost (12)]
  2126 | D:3      | HP: 1/35 [orc wizard/puff of flame (8)]
  2131 | D:3      | HP: 1/35 [orc wizard/dagger (2)]
  2136 | D:2      | Killed from afar by an orc wizard

Skill      XL: |  1  2  3  4 |
---------------+-------------+-----
Long Blades    | 3 4 |  4.4
Fighting       | 3 |  3.1
Armour         | |  0.7
Dodging        | |  2.7
Invocations    | |  1.5

Action                   |  1- 3 |  4- 6 || total
-------------------------+-------+-------++-------
Melee: Falchion          |   119 |    46 ||   165
       Bite              |    10 |     9 ||    19
       Dagger            |       |     4 ||     4
  Use: Potion            |    12 |     1 ||    13
       Scroll            |       |     2 ||     2
Armor: Leather armour    |     6 |       ||     6
       Ring mail         |    36 |    36 ||    72
Dodge: Dodged            |    97 |    32 ||   129
       Rpst.: Falchion   |    34 |     9 ||    43

Vault maps used:
D:1:      onia_arrival_pyramid
D:3:      minmay_crystal_water
